 Dungeon Crawl Stone Soup version 0.21-a0-380-gd65dc97 (webtiles) character file.

74 Kavrick the Chopper (level 4, 0/40 HPs)
             Began as a Hill Orc Monk on Oct 17, 2017.
             Slain by a gnoll
             ... wielding a +0 whip
              (7 damage)
             ... on level 1 of the Dungeon.
             The game lasted 00:01:30 (1417 turns).

Kavrick the Chopper (Hill Orc Monk)                 Turns: 1417, Time: 00:01:31

Health: 0/40       AC:  2    Str: 14    XL:     4   Next: 28%
Magic:  4/4        EV: 13    Int: 10    God:
Gold:   73         SH:  0    Dex: 13    Spells: 3/3 levels left

rFire    . . .     SeeInvis .   a - +0 hand axe
rCold    . . .     Gourm    .   (no shield)
rNeg     . . .     Faith    .   b - +0 robe
rPois    .         Spirit   .   (no helmet)
rElec    .         Reflect  .   (no cloak)
rCorr    .         Harm     .   (no gloves)
MR       .....                  (no boots)
Stlth    ++........             (no amulet)
HPRegen  0.13/turn              (no ring)
MPRegen  0.09/turn              (no ring)

@: no status effects
A: no striking features
a: no special abilities


You were on level 1 of the Dungeon.
You were hungry.

You visited 1 branch of the dungeon, and saw 2 of its levels.

You collected 73 gold pieces.

Inventory:

Hand Weapons
 a - a +0 hand axe (weapon)
Armour
 b - a +0 robe (worn)
Jewellery
 e - a +4 ring of strength {unknown}
Scrolls
 d - a scroll of fear {unknown}
 g - a scroll of enchant armour {unknown}
 i - a scroll of enchant weapon {unknown}
Potions
 h - a potion of curing {unknown}
Comestibles
 c - 3 bread rations
 f - a royal jelly
 j - a meat ration


   Skills:
 + Level 4.2 Fighting
 * Level 5.1 Axes
 + Level 2.8 Dodging
 + Level 2.2 Stealth


You had 3 spell levels left.
You didn't know any spells.

Dungeon Overview and Level Annotations

Branches:
Dungeon (2/15)

Altars:
Gozag

Annotations:
D:2 Robin


Message History

You are too injured to fight recklessly!
You barely miss the gnoll.
The gnoll is heavily wounded.
The gnoll hits you with a whip.
You hit the gnoll.
The gnoll is severely wounded.
The gnoll hits you with a whip.
* * * LOW HITPOINT WARNING * * *
You hit the gnoll.
The gnoll is almost dead.
The gnoll hits you with a whip.
* * * LOW HITPOINT WARNING * * *
The gnoll barely misses you.
You hit the gnoll but do no damage.
The gnoll is severely wounded.
The gnoll closely misses you.
You barely miss the gnoll.
The gnoll is severely wounded.
The gnoll hits you with a whip!
You die...

###### ########## #.....
##### #).......# #.###[
#######...# #.######.#
#.# #. ..........# #.#
#.# #.###.
######....######.######.#
#)##..
##...........@g....#.#
#.##.. #
#......######).......#
#.##>. ## ##...###
#........# #..... .#
##.## #.##.#..## ##.#..
.# #.# #.##.#..# #.#.# .#
#.# #.##.#..# ###.#.# ##
##'## #.##.#..# #.....# #
##...## #.......# #.#.###
##.....## ####.####
#.#.###


You could see a gnoll.

Vanquished Creatures
  A gnoll (D:1)
  A worm (D:2)
  A dart slug (D:1)
  3 leopard geckos (D:1)
  6 bats (D:1)
  2 giant cockroaches (D:1)
  19 goblins
  9 hobgoblins
  A ball python (D:1)
  4 kobolds
  4 rats (D:1)
51 creatures vanquished.

Notes
Turn   | Place    | Note
-------+----------+-------------------------------------------
     0 | D:1      | Kavrick the Hill Orc Monk began the quest for the Orb.
     0 | D:1      | Reached XP level 1. HP: 19/19 MP: 1/1
   175 | D:1      | Reached XP level 2. HP: 26/27 MP: 2/2
   406 | D:1      | Reached XP level 3. HP: 26/33 MP: 3/3
  1039 | D:2      | Found an opulent altar of Gozag.
  1122 | D:2      | Noticed Robin
  1126 | D:2      | Reached skill level 5 in Axes
  1132 | D:2      | Reached XP level 4. HP: 25/40 MP: 4/4
  1417 | D:1      | Slain by a gnoll

Vault maps used:
D:1:      dpeg_arrival_signposts
D:2:      nicolae_overflow_crystal_walls, grunt_gozag_breadcrumbs, uniq_robin,
          uniq_crazy_yiuf_cottage, uniq_natasha

Skill      XL: |  1  2  3 |
---------------+----------+-----
Stealth        | 2 |  2.2
Fighting       | 4 |  4.2
Axes           | 5 |  5.1
Dodging        | |  2.8

Action                   |  1- 3 |  4- 6 || total
-------------------------+-------+-------++-------
Melee: Hand axe          |   106 |    23 ||   129
 Stab: Sleeping          |     4 |       ||     4
  Eat: Chunk             |     1 |       ||     1
Armor: Robe              |    16 |     5 ||    21
Dodge: Dodged            |    77 |    28 ||   105

Table legend:
 A = Spawn XP
 B = Non-spawn XP
 C = Spawn XP percentage of total XP
 D = Spawn monster count
 E = Non-spawn monster count
 F = Spawn count percentage of total count
 G = Total turns spent on level
                    A         B        C        D         E        F      G
               +---------+---------+-------+---------+---------+-------+---------
         Total |       0 |     106 |   0.0 |       0 |      51 |   0.0 |  1417
               +---------+---------+-------+---------+---------+-------+---------
           D:1 |       0 |      74 |   0.0 |       0 |      33 |   0.0 |  1248
           D:2 |       0 |      32 |   0.0 |       0 |      18 |   0.0 |   169
               +---------+---------+-------+---------+---------+-------+---------
